AoeStats
← gazza17

Arena

517802522Analyzed
4v4 RM · 6d ago on Oct 31, 2026· 44m 5s· 8 players
Game mode
Random Map
Map size
Large (8 player)
Population
200
Speed
Normal
Resources
Standard
Victory
Conquest
Starting age
Dark Age
Ending age
Imperial Age
RankedLock teamsTeams togetherTeam positionsShared explorationLock speedFull tech treeHidden civsTurbo modeCheats
Victory
Defeat
🇹🇷 Teutons · Türkiye
1074
+11
🇹🇷 Italians · Türkiye
1032
+13
🇷🇺 Turks · Russia
1030
+13
🇬🇧 Cumans · United Kingdom
980
+15
vs
🇹🇼 Persians · Taiwan
1046
-16
🇦🇷 Turks · Argentina
986
-14
🇦🇷 Turks · Argentina
913
-11
🇦🇷 Chinese · Argentina
906
-11
ISamuraI
11:20 Feudal Age
15:31 Castle Age
13:50 Double-Bit Axe
13:50 Horse Collar
16:48 Bow Saw
20:43 Heavy Plow
20:42 Loom
23:14 Gold Mining
26:08 Gold Shaft Mining
26:08 Fletching
26:38 Stone Mining
27:10 Bodkin Arrow
27:17 Padded Archer Armor
30:30 Imperial Age
27:47 Town Watch
29:02 Wheelbarrow
29:29 Leather Archer Armor
30:38 Hand Cart
30:15 Treadmill Crane
31:50 Ballistics
31:22 Heated Shot
32:00 Conscription
32:26 Town Patrol
32:23 Elite Janissary
36:18 Ring Archer Armor
35:48 Bracer
36:22 Ring Archer Armor
41:08 Forging
40:58 Scale Mail Armor
gazza17
10:38 Feudal Age
11:28 Double-Bit Axe
11:47 Horse Collar
17:25 Loom
19:02 Wheelbarrow
20:47 Castle Age
19:12 Scale Barding Armor
19:17 Forging
21:04 Gold Mining
22:40 Chain Barding Armor
22:59 Iron Casting
23:13 Bow Saw
23:06 Heavy Plow
29:26 Bloodlines
29:40 Chain Barding Armor
30:15 Hand Cart
33:06 Imperial Age
31:43 Steppe Husbandry
32:47 Stone Mining
33:32 Gold Shaft Mining
33:14 Fletching
34:31 Conscription
34:04 Elite Steppe Lancer
34:08 Cavalier
35:25 Plate Barding Armor
35:51 Blast Furnace
35:44 Crop Rotation
36:17 Two-Man Saw
37:48 Chemistry
37:09 Ballistics
36:48 Bodkin Arrow
36:32 Paladin
Lesa
10:06 Feudal Age
11:54 Double-Bit Axe
15:58 Castle Age
18:05 Bow Saw
17:45 Horse Collar
19:48 Loom
20:44 Wheelbarrow
21:18 Heavy Plow
21:11 Gold Mining
22:52 Ballistics
22:28 Murder Holes
23:02 Hand Cart
25:25 Thumb Ring
26:05 Forging
26:00 Scale Barding Armor
25:50 Fletching
26:01 Padded Archer Armor
26:35 Bodkin Arrow
27:27 Leather Archer Armor
27:23 Husbandry
27:35 Bloodlines
31:36 Imperial Age
32:46 Conscription
32:28 Bracer
33:44 Elite Genoese Crossbowman
36:38 Chemistry
37:04 Ring Archer Armor
38:51 Two-Man Saw
38:22 Crop Rotation
Eskiçeri
12:32 Feudal Age
16:23 Castle Age
15:30 Double-Bit Axe
17:42 Bow Saw
17:47 Horse Collar
21:43 Wheelbarrow
21:35 Bloodlines
22:08 Gold Mining
23:34 Heavy Plow
24:30 Hand Cart
30:02 Imperial Age
28:17 Forging
28:12 Scale Barding Armor
29:14 Stone Mining
29:24 Town Watch
29:25 Loom
30:46 Iron Casting
30:32 Chain Barding Armor
30:03 Fletching
30:15 Cavalier
34:18 Two-Man Saw
33:49 Crop Rotation
33:18 Paladin
41:01 Padded Archer Armor
40:57 Bodkin Arrow
good123
6:56 Loom
9:30 Feudal Age
13:54 Castle Age
12:35 Double-Bit Axe
24:07 Wheelbarrow
28:00 Imperial Age
26:24 Wheelbarrow
26:41 Bow Saw
26:57 Horse Collar
27:29 Gold Mining
28:59 Scale Barding Armor
29:05 Forging
29:15 Heavy Plow
29:57 Gold Shaft Mining
29:29 Cavalier
30:11 Husbandry
30:23 Bloodlines
31:06 Iron Casting
30:52 Chain Barding Armor
31:13 Crop Rotation
31:07 Savar
32:24 Hand Cart
32:07 Murder Holes
34:13 Blast Furnace
33:48 Plate Barding Armor
33:59 Conscription
33:36 Fletching
33:47 Padded Archer Armor
35:31 Savar
36:16 Town Watch
Salmonella
9:25 Feudal Age
10:02 Double-Bit Axe
11:33 Horse Collar
14:59 Loom
17:39 Castle Age
17:55 Castle Age
17:59 Castle Age
18:14 Stone Mining
18:15 Gold Mining
22:58 Squires
23:01 Squires
27:29 Imperial Age
31:25 Scale Barding Armor
31:30 Forging
32:27 Conscription
jeredino123
12:59 Feudal Age
14:16 Wheelbarrow
13:29 Double-Bit Axe
13:59 Gold Mining
14:12 Horse Collar
21:13 Castle Age
20:20 Padded Archer Armor
20:10 Fletching
22:16 Hand Cart
22:06 Heavy Plow
22:21 Bow Saw
24:01 Gold Shaft Mining
26:00 Stone Mining
26:23 Caravan
28:33 Leather Archer Armor
28:21 Bodkin Arrow
33:58 Imperial Age
HijoClauAmen
10:09 Loom
11:56 Feudal Age
16:31 Castle Age
33:28 Imperial Age
31:04 Gold Mining
31:01 Double-Bit Axe
31:01 Horse Collar
37:42 Bloodlines
41:44 Heavy Camel Rider
Connection lost

Rejoining the realm…

Still unreachable

The connection could not be restored.

Session expired

The server has moved on; the page needs a fresh start.